 Dungeon Crawl Stone Soup version 0.30-a0-639-g3916f1956a (webtiles) character file.

Game seed: 16414947275458355868

60 pokeman the Magician (level 3, -2/20 HPs)
             Began as a Deep Elf Hedge Wizard on Jan 16, 2023.
             Slain by an orc
             ... wielding a +0 hand axe
              (11 damage)
             ... on level 3 of the Dungeon.
             The game lasted 00:03:42 (2278 turns).

pokeman the Magician (Deep Elf Hedge Wizard)        Turns: 2278, Time: 00:03:43

Health: -2/20      AC:  3    Str:  7    XL:     3   Next: 80%
Magic:  6/11       EV: 12    Int: 20    God:
Gold:   9          SH:  0    Dex: 14    Spells: 4/12 levels left

rFire   . . .      SeeInvis .    o - +2 short sword (venom)
rCold   . . .      Faith    .    (no shield)
rNeg    . . .      Spirit   .    b - +0 robe
rPois   .          Reflect  .    c - +0 hat
rElec   .          Harm     .    e - +0 cloak
rCorr   .          Rampage  .    (no gloves)
Will    .....                    (no boots)
Stlth   ++                       (no amulet)
HPRegen 0.23/turn                (no ring)
MPRegen 0.12/turn                (no ring)

@: no status effects
A: no striking features
a: no special abilities


You were on level 3 of the Dungeon.
You visited 1 branch of the dungeon, and saw 3 of its levels.

You collected 75 gold pieces.
You spent 66 gold pieces at shops.

Inventory:

Hand Weapons
 o - a +2 short sword of venom (weapon)
Missiles
 k - 2 throwing nets
Armour
 b - a +0 robe (worn)
 c - a +0 hat (worn)
 e - a +0 cloak (worn)
Scrolls
 f - 2 scrolls of poison {unknown}
 g - 5 scrolls of teleportation
 i - a scroll of fear {unknown}
 j - 4 scrolls of amnesia {unknown}
 l - a scroll of silence {unknown}
 m - 3 scrolls of identify
 p - a scroll of enchant armour {unknown}
Potions
 a - 2 potions of curing {unknown}
 d - a potion of magic
 h - a potion of haste {unknown}
 n - 3 potions of berserk rage {unknown}


   Skills:
 - Level 1.0 Fighting
 + Level 1.0 Armour
 + Level 2.5 Dodging
 - Level 2.4 Stealth
 * Level 5.4 Spellcasting
 + Level 2.0 Conjurations
 - Level 1.1 Summonings
 - Level 1.1 Translocations


You had 4 spell levels left.
You knew the following spells:

 Your Spells              Type           Power      Damage    Failure   Level
a - Magic Dart            Conj           52%        1d5       4%          1
b - Mephitic Cloud        Conj/Pois/Air  8%         N/A       26%         3
c - Call Imp              Summ           9%         N/A       11%         2
d - Blink                 Tloc           18%        N/A       11%         2

Your spell library contained the following spells:

 Spells                   Type           Power      Damage    Failure   Level
 Apportation              Tloc           18%        N/A       7%          1
 Summon Small Mammal      Summ           36%        N/A       7%          1
 Necrotise                Necr           20%        1d5       11%         1
 Slow                     Hex            20%        N/A       11%         1
 Cigotuvi's Dreadful Rot  Necr/Pois/Air  10%        N/A       17%         2
 Poisonous Vapours        Pois/Air       10%        N/A       17%         2


Dungeon Overview and Level Annotations

Branches:
Dungeon (3/15)

Altars:

Shops:
D:2 ??


Message History

You start resting.
Your magical contamination has completely faded away.
Found a stone staircase leading down.
You start resting.
An orc wizard comes into view. It is wielding a +0 dagger.
You start resting.
An orc wizard is nearby!
An orc comes into view. It is wielding a +0 trident.
An orc is nearby!
You start resting.
An orc comes into view. It is wielding a +0 trident.
Casting: Magic Dart (safe; 4% risk of failure)
Confirm with . or Enter, or press ? or * to list all spells.
Okay, then.
The orc wizard shouts!
You hear a shout!
An orc comes into view. It is wielding a +0 hand axe.
The orc shouts! x2
You hit the orc.
The orc is poisoned.
The orc is severely wounded.
You hear a shout!
The orc hits you with a +0 trident.
You barely miss the orc.
The orc is severely wounded.
The orc hits you with a +0 trident.
You barely miss the orc.
You kill the orc!
A quokka comes into view.
The orc wizard casts a spell at you. You resist with some effort.
The orc hits you with a +0 hand axe.
You hit the orc.
The orc is heavily wounded.
The orc drinks a potion.
The orc seems to grow stronger.
The orc wizard hits you with a +0 dagger.
You barely miss the orc.
The orc is moderately wounded.
The orc wizard hits you with a +0 dagger.
The orc barely misses you. The orc attacks as you move away!
The orc hits you with a +0 hand axe!
Ouch! That really hurt!
You die...

.#$ .# ##
#.###o# ...#
#..... .
.<.|.###†#†#..o
#.......†....# .
#.$...)..# .#...
#..>####.##...#
# #.oo..r#
#.@#####
######..######
#..............
##.####.#.######
##...###.#.#
##.....##.#.#
##.......#.#.#
#..........#.#
#...........#.#


You could see an orc wizard, an orc (strong) and a quokka.

Vanquished Creatures
  3 dart slugs
  2 orcs
  7 ball pythons
  3 endoplasms
  2 giant cockroaches (D:1)
  2 goblins (D:1)
  8 hobgoblins
  4 jackals (D:2)
  5 kobolds
  2 quokkas
  2 frilled lizards (D:1)
  6 rats
46 creatures vanquished.

Notes
Turn   | Place    | Note
-------+----------+-------------------------------------------
     0 | D:1      | pokeman the Deep Elf Hedge Wizard began the quest for the
                  | Orb.
     0 | D:1      | Reached XP level 1. HP: 10/10 MP: 7/7
   170 | D:1      | Reached XP level 2. HP: 12/16 MP: 1/9
   714 | D:1      | Reached skill level 5 in Spellcasting
  1114 | D:2      | Reached XP level 3. HP: 20/20 MP: 11/11
  1118 | D:2      | Learned a level 3 spell: Mephitic Cloud
  1121 | D:2      | Learned a level 2 spell: Call Imp
  1124 | D:2      | Learned a level 2 spell: Blink
  1478 | D:2      | Found Jebuduj's Magic Scroll Emporium.
  1486 | D:2      | Bought a scroll of identify for 22 gold pieces
  1486 | D:2      | Bought a scroll of noise for 11 gold pieces
  1641 | D:2      | Reached skill level 1 in Fighting
  1811 | D:2      | Reached skill level 1 in Armour
  2017 | D:2      | Found Ihijeni's Magic Scroll Shoppe.
  2026 | D:2      | Bought a scroll of teleportation for 33 gold pieces
  2278 | D:3      | Slain by an orc

Illustrated notes

Levels and vault maps discovered:
D:1:      dpeg_arrival_oval, layout_basic
D:2:      layout_loops_ring, serial_shops, nicolae_lakefront_shop, shop,
          kennysheep_generic_room_9
D:3:      layout_loops_ring, lemuel_crystal_altar

Skill      XL: |  1  2  3 |
---------------+----------+-----
Spellcasting   | 5 |  5.4
Fighting       | 1 |  1.0
Armour         | 1 |  1.0
Conjurations   | 2 |  2.0
Dodging        | |  2.5
Stealth        | |  2.4
Summonings     | |  1.1
Translocations | |  1.1

Action                   || total
-------------------------++-------
Melee: Dagger            ||    11
       Short sword       ||     8
 Cast: Magic Dart        ||   109
 Stab: Sleeping          ||     1
Armor: Robe              ||     1
Dodge: Dodged            ||    18

Table legend: (Time is in decaauts)
 A = Elapsed time spent in this place.
 B = Non-inter-level travel time spent in this place.
 C = Inter-level travel time spent in this place.
 D = Time resting spent in this place.
 E = Time spent auto-exploring this place.
 F = Levels seen in this place.
 G = Mean time per level.
                   A        B        C        D        E       F      G
               +--------+--------+--------+--------+--------+-----+--------+
         Total |   2276 |   2236 |     40 |     23 |   1961 |   3 |  758.7 |
       Dungeon |   2276 |   2236 |     40 |     23 |   1961 |   3 |  758.7 |
               +--------+--------+--------+--------+--------+-----+--------+

Top non-repeatable levels by time:
     D:1: 1110 daAuts
     D:2: 1066 daAuts
     D:3: 99 daAuts
